 Dungeon Crawl Stone Soup version 0.30-a0-465-g8901f6c8b5 (webtiles) character file.

Game seed: 16856239781370112627

60 arthad the Chopper (level 4, -6/41 HPs)
             Began as a Gnoll Cinder Acolyte on Dec 17, 2022.
             Was a High Priest of Ignis.
             Mangled by Natasha (9 damage)
             ... on level 2 of the Dungeon.
             The game lasted 00:03:15 (1520 turns).

arthad the Chopper (Gnoll Cinder Acolyte)           Turns: 1520, Time: 00:03:16

Health: -6/41      AC:  2    Str: 14    XL:     4   Next: 4%
Magic:  8/8        EV: 11    Int: 15    God:    Ignis [*****.]
Gold:   118        SH:  0    Dex:  7    Spells: 8/8 levels left

rFire   + . .      SeeInvis .    a - -1 hand axe (flame)
rCold   . . .      Faith    .    (no shield)
rNeg    . . .      Spirit   .    b - +0 robe
rPois   .          Reflect  .    (no helmet)
rElec   .          Harm     .    g - scarf {repulsion}
rCorr   .          Rampage  .    (no gloves)
Will    .....                    (no boots)
Stlth   +.........               (no amulet)
HPRegen 0.26/turn                (no ring)
MPRegen 0.11/turn                (no ring)

@: repel missiles
A: fangs 1, strong nose, distributed training
a: Renounce Religion, Fiery Armour, Foxfire Swarm, Rising Flame


You were on level 2 of the Dungeon.
You worshipped Ignis.
Ignis was extremely pleased with you.
You visited 1 branch of the dungeon, and saw 2 of its levels.

You collected 118 gold pieces.

Inventory:

Hand Weapons
 a - a -1 hand axe of flaming (weapon)
 e - a +2 dagger of draining
Armour
 b - a +0 robe (worn)
 g - a scarf of repulsion (worn)
Scrolls
 h - 4 scrolls of identify {unknown}
 i - a scroll of immolation {unknown}
Potions
 c - a potion of heal wounds {unknown}
 d - a potion of curing {unknown}
 f - a potion of degeneration {unknown}


   Skills:
 + Level 6.6 Fighting
 + Level 1.0 Short Blades
 + Level 1.0 Long Blades
 + Level 6.6 Axes
 + Level 1.0 Maces & Flails
 + Level 1.0 Polearms
 + Level 1.0 Staves
 + Level 1.0 Ranged Weapons
 + Level 1.0 Throwing
 + Level 1.0 Armour
 + Level 1.0 Dodging
 + Level 1.0 Stealth
 + Level 1.0 Shields
 + Level 1.0 Unarmed Combat
 + Level 2.9 Spellcasting
 + Level 0.8 Conjurations
 + Level 0.8 Hexes
 + Level 0.8 Summonings
 + Level 0.8 Necromancy
 + Level 0.8 Translocations
 + Level 0.8 Transmutations
 + Level 5.4 Fire Magic
 + Level 0.8 Ice Magic
 + Level 0.8 Air Magic
 + Level 0.8 Earth Magic
 + Level 0.8 Poison Magic
 + Level 1.1 Invocations
 + Level 1.0 Evocations


You had 8 spell levels left.
You didn't know any spells.
Your spell library contained the following spells:

 Spells                   Type           Power      Damage    Failure   Level
 Scorch                   Fire           36%        2d7       3%          2


Dungeon Overview and Level Annotations

Branches:
Dungeon (2/15)

Altars:
Elyvilon

Annotations:
D:2 Natasha


Innate Abilities, Weirdness & Mutations

You have very sharp teeth.
Your uncanny sense of smell can sniff out nearby items.
Your experience applies equally to all skills.


Message History

You hit the ball python skeleton. You burn the ball python skeleton.
You bite the ball python skeleton.
You destroy the ball python skeleton!
No target in view!
No target in view!
No target in view!
No target in view!
No target in view!
Natasha, Servant of Life and Death comes into view.
Natasha is nearby!
Natasha hisses angrily.
Natasha howls an incantation.
Natasha's front paws start to glow.
Natasha stares at you and mumbles some strange words.
The magic dart hits you!
Okay, then.
Natasha stares at you and mumbles some strange words.
The magic dart hits you! Natasha claws you.
You hit Natasha. You burn Natasha.
Natasha is heavily wounded.
Natasha claws you but does no damage.
You hit Natasha. You burn Natasha.
Natasha is severely wounded.
Natasha barely misses you.
You barely miss Natasha.
Natasha is severely wounded.
Natasha claws you!
You closely miss Natasha.
Natasha is severely wounded.
Natasha claws you!
* * * LOW HITPOINT WARNING * * *
You completely miss Natasha.
Natasha is severely wounded.
Natasha claws you!
* * * LOW HITPOINT WARNING * * *
You barely miss Natasha.
Natasha is severely wounded.
Natasha claws you!
You die...

......## ######### .......#
##.......# .......# #........#
.......# ###........# ......##
#......_...# .#....#
#......÷..## #####.##
##..##.....#
#.~≈#.~############...####.###
#~♣.#~≈~.......h@....## #..#
#♣~♣#..~........##..## #.##
~.~~..≈...÷.....##.##
#.####### .~#.~~~≈.......###.#
##.##.....
~~~.~..........###.#
#..##.....
~≈..~♣.........#...#
#.###.....
♣~.~...........#...# #.#
##..## ~~#~~#.≈.......#...#
##.###÷.##
~~#.##.........#...# #..#...##


You could see Natasha.

Vanquished Creatures
  An adder (D:2)
  An adder skeleton (D:2)
  2 dart slugs (D:2)
  3 ball pythons
  5 bats
  An endoplasm (D:2)
  4 giant cockroaches
  2 goblins
  4 hobgoblins
  6 jackals (D:2)
  3 quokkas (D:2)
  A ball python skeleton (D:2)
  2 frilled lizards (D:2)
  2 kobolds (D:1)
  3 rats
40 creatures vanquished.

Vanquished Creatures (others)
  23 withered plants (D:2)
23 creatures vanquished.

Grand Total: 63 creatures vanquished

Notes
Turn   | Place    | Note
-------+----------+-------------------------------------------
     0 | D:1      | arthad the Gnoll Cinder Acolyte began the quest for the
                  | Orb.
     0 | D:1      | Reached XP level 1. HP: 23/23 MP: 4/4
   250 | D:1      | Reached XP level 2. HP: 29/29 MP: 5/5
   714 | D:2      | Reached XP level 3. HP: 16/35 MP: 7/7
   845 | D:2      | Reached skill level 1 in Invocations
  1099 | D:2      | Reached skill level 1 in Short Blades
  1099 | D:2      | Reached skill level 1 in Long Blades
  1099 | D:2      | Reached skill level 1 in Maces & Flails
  1099 | D:2      | Reached skill level 1 in Polearms
  1099 | D:2      | Reached skill level 1 in Staves
  1099 | D:2      | Reached skill level 1 in Ranged Weapons
  1099 | D:2      | Reached skill level 1 in Throwing
  1099 | D:2      | Reached skill level 1 in Armour
  1099 | D:2      | Reached skill level 1 in Dodging
  1099 | D:2      | Reached skill level 1 in Stealth
  1099 | D:2      | Reached skill level 1 in Shields
  1099 | D:2      | Reached skill level 1 in Unarmed Combat
  1099 | D:2      | Reached skill level 1 in Evocations
  1233 | D:2      | Found a white marble altar of Elyvilon.
  1373 | D:2      | Found a faded altar of an unknown god.
  1386 | D:2      | Reached XP level 4. HP: 41/41 MP: 8/8
  1510 | D:2      | Noticed Natasha
  1520 | D:2      | Mangled by Natasha

Illustrated notes

Levels and vault maps discovered:
D:1:      nicolae_arrival_washed_ashore, layout_loops_ring, serial_glass,
          glass_columns_b, glass_columns_b
D:2:      layout_rooms, shapermc_ecumenical_altar_notcrosses, serial_rivers,
          chequers_serial_rivers_room_a, chequers_serial_rivers_small_3,
          chequers_serial_rivers_marsh, chequers_serial_rivers_micro_c,
          basic_altar, dilly_guarded_unrand_morg

Skill      XL: |  1  2  3 |
---------------+----------+-----
Invocations    | 1 |  1.1
Short Blades   | 1 |  1.0
Long Blades    | 1 |  1.0
Maces & Flails | 1 |  1.0
Polearms       | 1 |  1.0
Staves         | 1 |  1.0
Ranged Weapons | 1 |  1.0
Throwing       | 1 |  1.0
Armour         | 1 |  1.0
Dodging        | 1 |  1.0
Stealth        | 1 |  1.0
Shields        | 1 |  1.0
Unarmed Combat | 1 |  1.0
Evocations     | 1 |  1.0
Fighting       | |  6.6
Axes           | |  6.6
Spellcasting   | |  2.9
Conjurations   | |  0.8
Hexes          | |  0.8
Summonings     | |  0.8
Necromancy     | |  0.8
Translocations | |  0.8
Transmutations | |  0.8
Fire Magic     | |  5.4
Ice Magic      | |  0.8
Air Magic      | |  0.8
Earth Magic    | |  0.8
Poison Magic   | |  0.8

Action                   |  1- 3 |  4- 6 || total
-------------------------+-------+-------++-------
Melee: Hand axe          |   118 |     8 ||   126
       Bite              |    10 |     1 ||    11
Armor: Robe              |    33 |     1 ||    34
Dodge: Dodged            |    84 |     2 ||    86

Table legend: (Time is in decaauts)
 A = Elapsed time spent in this place.
 B = Non-inter-level travel time spent in this place.
 C = Inter-level travel time spent in this place.
 D = Time resting spent in this place.
 E = Time spent auto-exploring this place.
 F = Levels seen in this place.
 G = Mean time per level.
                   A        B        C        D        E       F      G
               +--------+--------+--------+--------+--------+-----+--------+
         Total |   1530 |   1493 |     37 |      0 |   1228 |   2 |  765.0 |
       Dungeon |   1530 |   1493 |     37 |      0 |   1228 |   2 |  765.0 |
               +--------+--------+--------+--------+--------+-----+--------+

Top non-repeatable levels by time:
     D:2: 830 daAuts
     D:1: 700 daAuts
